 Dungeon Crawl Stone Soup version 0.21-a0-426-g98080a9 (webtiles) character file.

27 TheDeThijs the Cudgeler (level 2, -1/27 HPs)
             Began as a Minotaur Berserker on Nov 5, 2017.
             Was a Follower of Trog.
             Killed from afar by an orc wizard (8 damage)
             ... with a puff of frost
             ... on level 2 of the Dungeon.
             The game lasted 00:02:24 (1026 turns).

TheDeThijs the Cudgeler (Minotaur Berserker)        Turns: 1026, Time: 00:02:24

Health: -1/27      AC:  2    Str: 21    XL:     2   Next: 93%
Magic:  1/1        EV: 12    Int:  4    God:    Trog [*.....]
Gold:   58         SH:  0    Dex:  9    Spells: 1/1 levels left

rFire    . . .     SeeInvis .   a - +0 mace
rCold    . . .     Gourm    .   (no shield)
rNeg     . . .     Faith    .   b - +0 animal skin
rPois    .         Spirit   .   (helmet restricted)
rElec    .         Reflect  .   (no cloak)
rCorr    .         Harm     .   (no gloves)
MR       .....                  (no boots)
Stlth    +.........             (no amulet)
HPRegen  0.09/turn              (no ring)
MPRegen  0.07/turn              (no ring)

@: no status effects
A: retaliatory headbutt, horns 2
a: Berserk, Burn Spellbooks, Renounce Religion


You were on level 2 of the Dungeon.
You worshipped Trog.
Trog was aware of your devotion.
You were not hungry.

You visited 1 branch of the dungeon, and saw 2 of its levels.

You collected 58 gold pieces.

Inventory:

Hand Weapons
 a - a +0 mace (weapon)
Armour
 b - a +0 animal skin (worn)
Jewellery
 e - an uncursed amulet of magic regeneration {unknown}
 g - a +5 ring of dexterity {unknown}
Scrolls
 h - a scroll of fear {unknown}
 j - 2 scrolls of identify {unknown}
 n - 3 scrolls of immolation {unknown}
Potions
 d - 2 potions of haste {unknown}
 i - a potion of agility {unknown}
 k - a potion of might {unknown}
 m - a potion of curing {unknown}
Comestibles
 c - a bread ration
 f - 2 fruits
 l - a meat ration


   Skills:
 + Level 4.0 Fighting
 + Level 4.1 Maces & Flails
 + Level 2.6 Armour
 + Level 2.4 Dodging
 + Level 0.6 Stealth


You had one spell level left.
You didn't know any spells.

Dungeon Overview and Level Annotations

Branches:
Dungeon (2/15)

Altars:


Innate Abilities, Weirdness & Mutations

You reflexively headbutt those who attack you in melee.
You have a pair of horns on your head.


Message History

An orc wizard comes into view. It is wielding a dagger.
The orc wizard shouts!
The orc hits you with a club.
Found a stone staircase leading up.
You completely miss the orc.
The orc hits you from afar with a trident!
The orc closely misses you.
You sock the orc!
You kill the orc!
Trog accepts your kill. The orc misses you.
You hit the orc wizard.
You headbutt the orc wizard, but do no damage.
The orc wizard is lightly wounded.
The orc hits you from afar with a trident.
The orc wizard hits you with a dagger.
* * * LOW HITPOINT WARNING * * *
The orc wizard gestures at you while chanting.
The puff of frost hits you!
You die...

≈≈≈≈≈≈≈≈≈####.# .
≈≈≈≈≈≈≈.####.######
# ≈≈≈≈≈≈.
#........#
≈....≈....#.####.#
...≈..####.#
#.......# #.#.#####
##.# #@## #..o.#
#...o.# #....<#
#.....# #.....#
#######


You could see an orc wizard and an orc.

Vanquished Creatures
  A dart slug (D:1)
  An orc (D:2)
  A ball python (D:1)
  4 bats
  2 giant cockroaches (D:1)
  6 goblins
  2 hobgoblins
  3 frilled lizards (D:1)
  A rat (D:2)
21 creatures vanquished.

Notes
Turn   | Place    | Note
-------+----------+-------------------------------------------
     0 | D:1      | TheDeThijs the Minotaur Berserker began the quest for the Orb.
     0 | D:1      | Reached XP level 1. HP: 19/19 MP: 0/0
   322 | D:1      | Reached XP level 2. HP: 23/27 MP: 1/1
   966 | D:2      | Found a faded altar of an unknown god.
  1026 | D:2      | Killed from afar by an orc wizard

Vault maps used:
D:1:      dpeg_arrival_houses_and_road, serial_glass, glass_columns_b,
          glass_columns_a
D:2:      chequers_ecumenical_altar_island

Skill      XL: |  1  2 |
---------------+-------+-----
Maces & Flails | 4 |  4.1
Fighting       | 4 |  4.0
Armour         | |  2.6
Dodging        | |  2.4
Stealth        | |  0.6

Action                   || total
-------------------------++-------
Melee: Mace              ||    33
       Headbutt          ||     4
Armor: Animal skin       ||     2
Dodge: Dodged            ||    24

Table legend:
 A = Spawn XP
 B = Non-spawn XP
 C = Spawn XP percentage of total XP
 D = Spawn monster count
 E = Non-spawn monster count
 F = Spawn count percentage of total count
 G = Total turns spent on level
                    A         B        C        D         E        F      G
               +---------+---------+-------+---------+---------+-------+---------
         Total |       0 |      39 |   0.0 |       0 |      21 |   0.0 |  1026
               +---------+---------+-------+---------+---------+-------+---------
           D:1 |       0 |      27 |   0.0 |       0 |      14 |   0.0 |   885
           D:2 |       0 |      12 |   0.0 |       0 |       7 |   0.0 |   141
               +---------+---------+-------+---------+---------+-------+---------
